 Dungeon Crawl Stone Soup version 0.30-a0-222-ge547ba4400 (webtiles) character file.

Game seed: 2914765835050150054

726 Aibolit the Chopper (level 8, -5/60 HPs)
             Began as a Human Fighter on Oct 9, 2022.
             Slain by an ogre
             ... wielding a +0 giant spiked club
              (34 damage)
             ... on level 4 of the Dungeon.
             The game lasted 00:06:27 (2890 turns).

Aibolit the Chopper (Human Fighter)                 Turns: 2890, Time: 00:06:28

Health: -5/60      AC: 13    Str: 19    XL:     8   Next: 2%
Magic:  8/8        EV:  6    Int:  8    God:
Gold:   118        SH:  5    Dex: 13    Spells: 7/7 levels left

rFire   . . .      SeeInvis .    e - +1 hand axe (venom)
rCold   . . .      Faith    .    c - +0 buckler
rNeg    . . .      Spirit   .    j - +0 plate armour
rPois   .          Reflect  .    m - +0 helmet
rElec   .          Harm     .    (no cloak)
rCorr   .          Rampage  .    (no gloves)
Will    +....                    (no boots)
Stlth   ..........               b - amulet of regeneration
HPRegen 1.10/turn                u - ring of willpower
MPRegen 0.11/turn                (no ring)

@: no status effects
A: no striking features
a: no special abilities


You were on level 4 of the Dungeon.
You visited 1 branch of the dungeon, and saw 4 of its levels.

You collected 118 gold pieces.

Inventory:

Hand Weapons
 e - a +1 hand axe of venom (weapon)
Armour
 c - a +0 buckler (worn)
 j - a +0 plate armour (worn)
 m - a +0 helmet (worn)
Jewellery
 b - an amulet of regeneration (around neck)
 k - an amulet of guardian spirit
 u - a ring of willpower (left hand)
Wands
 s - a wand of light (8)
 v - a wand of flame (23)
Scrolls
 f - 2 scrolls of immolation {unknown}
 g - a scroll of vulnerability {unknown}
 l - a scroll of noise {unknown}
 n - a scroll of amnesia {unknown}
 p - 2 scrolls of identify {unknown}
 q - a scroll of magic mapping {unknown}
 r - a scroll of enchant armour {unknown}
Potions
 a - 6 potions of flight {unknown}
 d - a potion of might
 h - a potion of resistance {unknown}
 i - 4 potions of curing {unknown}
 o - a potion of berserk rage {unknown}
 t - 2 potions of lignification {unknown}
 w - a potion of brilliance {unknown}


   Skills:
 + Level 3.8 Fighting
 - Level 2.0 Long Blades
 * Level 5.3 Axes
 + Level 4.7 Armour
 * Level 2.8 Dodging
 + Level 4.0 Shields


You had 7 spell levels left.
You didn't know any spells.
Your spell library contained the following spells:

 Spells                   Type           Power      Damage    Failure   Level
 Cigotuvi's Dreadful Rot  Necr/Pois/Air  0%         N/A       100%        2
 Poisonous Vapours        Pois/Air       0%         N/A       100%        2
 Mephitic Cloud           Conj/Pois/Air  0%         N/A       100%        3


Dungeon Overview and Level Annotations

Branches:
Dungeon (4/15)
 Temple: D:4-7

Altars:
Dithmenos
Nemelex Xobeh
Xom

Shops:
D:4 [


Message History

The goblin shouts!
An ogre comes into view. It is wielding a +0 giant spiked club.
There is an entrance to Duhued's Armour Emporium here.
The ogre shouts!
You hit the endoplasm.
The endoplasm is almost dead.
You block the endoplasm's attack.
A ball python comes into view.
The ball python hisses angrily.
You hit the endoplasm.
You kill the endoplasm!
There is an entrance to Duhued's Armour Emporium here.
The goblin hits you but does no damage.
There is an entrance to Duhued's Armour Emporium here.
The goblin attacks as you move away! The goblin hits you but does no damage.
You hit the goblin.
You kill the goblin!
The ogre hits you with a +0 giant spiked club!
You barely miss the ball python.
The ball python bites you but does no damage.
The ball python grabs you. The ball python constricts you.
You hit the ball python but do no damage.
The ball python is poisoned.
The ball python bites you. The ball python constricts you.
You hit the ball python.
The ball python looks as sick as possible!
The ball python is moderately wounded.
You kill the ball python!
You hit the ogre but do no damage.
The ogre hits you with a +0 giant spiked club!!
You are too injured to fight recklessly!
You are too injured to fight recklessly!
You are too injured to fight recklessly!
You are too injured to fight recklessly!
You barely miss the ogre. You block the ogre's attack.
You closely miss the ogre. You barely miss the ogre.
The ogre hits you with a +0 giant spiked club!!
Ouch! That really hurt!
You die...

5♣..... ....(.... .....#
#......# ....... ....#
#......# ....... ....#
#......##.#....... .#.###.#
#.........#....... .......#
#.....#####.O..... ######.#
#....†..# .......
.......###.......###.......
................@O∩........
......####.......#....?....
####### #.......##........
#######.......##...)....
#....##.......####+#####
#..)<######...#.....#
#...)...............#
#...................#
####...................#


You could see an ogre.

Vanquished Creatures
  Pikel (D:4)
  2 lemures
  A scorpion (D:4)
  2 jellies
  Jessica (D:3)
  An adder (D:4)
  4 gnolls
  2 worms (D:2)
  An orc (D:4)
  11 ball pythons
  9 endoplasms
  3 giant cockroaches
  5 hobgoblins
  A jackal (D:4)
  6 quokkas
  5 bats
  3 frilled lizards
  8 goblins
  8 kobolds
  7 rats
81 creatures vanquished.

Notes
Turn   | Place    | Note
-------+----------+-------------------------------------------
     0 | D:1      | Aibolit the Human Fighter began the quest for the Orb.
     0 | D:1      | Reached XP level 1. HP: 18/18 MP: 1/1
   122 | D:1      | Reached XP level 2. HP: 24/24 MP: 2/2
   525 | D:1      | Found a faded altar of an unknown god.
   658 | D:1      | Reached XP level 3. HP: 29/29 MP: 3/3
  1142 | D:2      | Found a shimmering altar of Xom.
  1206 | D:2      | Reached skill level 1 in Axes
  1364 | D:2      | Reached XP level 4. HP: 35/35 MP: 4/4
  1369 | D:2      | Reached skill level 1 in Dodging
  1842 | D:2      | Reached skill level 2 in Axes
  1842 | D:2      | Reached XP level 5. HP: 30/41 MP: 5/5
  1999 | D:3      | Noticed Jessica
  2008 | D:3      | Found a shadowy altar of Dithmenos.
  2014 | D:3      | Killed Jessica
  2378 | D:3      | Found a faded altar of an unknown god.
  2383 | D:3      | Found a sparkling altar of Nemelex Xobeh.
  2691 | D:4      | Reached skill level 3 in Axes
  2691 | D:4      | Noticed a lemure
  2692 | D:4      | Noticed a lemure
  2694 | D:4      | Noticed Pikel
  2723 | D:3      | Killed a lemure
  2734 | D:4      | Killed a lemure
  2760 | D:4      | Noticed a lemure
  2761 | D:4      | Noticed a lemure
  2798 | D:4      | Killed Pikel
  2799 | D:4      | Reached skill level 5 in Axes
  2799 | D:4      | Reached XP level 6. HP: 23/48 MP: 6/6
  2799 | D:4      | Reached XP level 7. HP: 26/53 MP: 7/7
  2856 | D:4      | Found Duhued's Armour Emporium.
  2864 | D:4      | Reached XP level 8. HP: 60/60 MP: 8/8
  2890 | D:4      | Slain by an ogre

Illustrated notes

Levels and vault maps discovered:
D:1:      dpeg_arrival_long_road, layout_basic,
          shapermc_ecumenical_altar_mp_highgroup, hangedman_decor_push
D:2:      layout_basic, basic_altar, minmay_misc_feat_enclosed
D:3:      layout_basic, nicolae_overflow_ecumenical_swirl,
          grunt_dithmenos_smoke, uniq_jessica
D:4:      layout_basic, serial_shops, shop, chequers_garden, uniq_pikel

Skill      XL: |  1  2  3  4  5  6  7 |
---------------+----------------------+-----
Axes           | 1 2 5 |  5.3
Dodging        | 1 2 |  2.8
Armour         | 4 |  4.7
Shields        | 4 |  4.0
Fighting       | |  3.8
Long Blades    | |  2.0

Action                   |  1- 3 |  4- 6 |  7- 9 || total
-------------------------+-------+-------+-------++-------
Melee: Hand axe          |    86 |   102 |    19 ||   207
       Long sword        |     4 |       |       ||     4
Armor: Scale mail        |    25 |       |       ||    25
       Plate armour      |    18 |    60 |     4 ||    82
Dodge: Dodged            |    28 |    29 |     3 ||    60
Block: Buckler           |    18 |    31 |     5 ||    54

Table legend: (Time is in decaauts)
 A = Elapsed time spent in this place.
 B = Non-inter-level travel time spent in this place.
 C = Inter-level travel time spent in this place.
 D = Time resting spent in this place.
 E = Time spent auto-exploring this place.
 F = Levels seen in this place.
 G = Mean time per level.
                   A        B        C        D        E       F      G
               +--------+--------+--------+--------+--------+-----+--------+
         Total |   2941 |   2651 |    290 |    100 |   1837 |   4 |  735.2 |
       Dungeon |   2941 |   2651 |    290 |    100 |   1837 |   4 |  735.2 |
               +--------+--------+--------+--------+--------+-----+--------+

Top non-repeatable levels by time:
     D:2: 976 daAuts
     D:1: 848 daAuts
     D:3: 761 daAuts
     D:4: 355 daAuts
